 Dungeon Crawl Stone Soup version 0.28.0-53-g5a82cb258f (webtiles) character file.

Game seed: 2597264201397245090

5163 H0rd4k the Basher (level 10, -4/67 (74) HPs)
             Began as a Human Artificer on July 20, 2022.
             Was an Initiate of Gozag.
             Asphyxiated
             ... on level 10 of the Dungeon.
             The game lasted 00:14:10 (10562 turns).

H0rd4k the Basher (Human Artificer)                Turns: 10562, Time: 00:14:11

HP:   -4/67 (74)    AC: 17    Str: 18    XL:     10   Next: 90%
MP:   17/17         EV:  9    Int: 15    God:    Gozag
Gold: 507           SH:  0    Dex: 15    Spells: 8/18 levels left

rFire   . . .      SeeInvis .   d - +2 whip (elec)
rCold   . . .      Faith    .   (no shield)
rNeg    + . .      Spirit   .   F - +8 chain mail of Gestures {Rampage Slay+2}
rPois   .          Reflect  .   (helmet restricted)
rElec   .          Harm     .   j - scarf {shadows}
rCorr   .          Rampage  +   m - +0 pair of gloves
Will    .....                   (no boots)
Stlth   ..........              (no amulet)
HPRegen 1.01/turn               l - +6 ring of strength
MPRegen 0.15/turn               q - ring of positive energy

@: lethally poisoned (-4 -> -21), slowed, drained, very slow
A: antennae 1, regeneration 1
a: Renounce Religion, Potion Petition, Call Merchant, Bribe Branch


You were on level 10 of the Dungeon.
You worshipped Gozag.
Gozag was pleased with you.
You visited 2 branches of the dungeon, and saw 11 of its levels.

You collected 1212 gold pieces.
You spent 646 gold pieces at shops.
You paid 59 gold pieces to Gozag.

Inventory:

Hand Weapons
 d - a +2 whip of electrocution (weapon)
 s - a +2 whip of venom
 w - a +0 flail
 N - the +1 flail of Spores {pain, Dex+3}
   (You bought it in a shop on level 6 of the Dungeon)

   In the hands of one skilled in necromantic magic, it inflicts extra damage on
   living creatures.
   Dex:       It affects your dexterity (+3).
Missiles
 h - 18 poisoned darts
 p - 3 atropa-tipped darts (quivered)
 v - 6 silver javelins
Armour
 b - a +0 leather armour
 j - a scarf of shadows (worn)
 m - a +0 pair of gloves (worn)
 F - the +8 chain mail of Gestures (worn) {Rampage Slay+2}
   (You bought it in a shop on level 6 of the Dungeon)

   Slay:      It affects your accuracy & damage with ranged weapons and melee
   (+2).
   Rampage:   It bestows one free step when moving towards enemies.
 G - a +1 cloak of stealth
Magical Staves
 D - a staff of air
Jewellery
 l - a +6 ring of strength (left hand)
 o - a ring of fire
 q - a ring of positive energy (right hand)
 B - a +6 ring of dexterity
Wands
 c - a wand of flame (63)
 t - a wand of polymorph (21)
 E - a wand of mindburst (5)
 J - a wand of iceblast (1)
Scrolls
 f - 2 scrolls of fog {unknown}
 g - 2 scrolls of enchant armour
 i - 4 scrolls of identify
 n - 3 scrolls of blinking
 r - 4 scrolls of enchant weapon
 u - a scroll of noise {unknown}
 y - 2 scrolls of vulnerability {unknown}
 z - 2 scrolls of teleportation
 A - a scroll of magic mapping {unknown}
 C - a scroll of holy word {unknown}
 I - a scroll of summoning {unknown}
 L - a scroll of amnesia {unknown}
Potions
 a - a potion of degeneration
 k - a potion of curing
 x - 2 potions of brilliance
 H - a potion of berserk rage
 K - 2 potions of lignification {unknown}
 M - a potion of heal wounds {unknown}
Miscellaneous
 e - a piece from Xom's chessboard (15/15)


   Skills:
 + Level 5.4 Fighting
 + Level 9.0 Maces & Flails
 + Level 1.6 Throwing
 - Level 2.0 Armour
 + Level 5.5 Dodging
 - Level 1.0 Stealth
 * Level 4.8 Spellcasting
 + Level 4.2 Hexes
 + Level 4.1 Necromancy
 + Level 5.4 Evocations


You had 8 spell levels left.
You knew the following spells:

 Your Spells              Type           Power      Damage    Failure   Level
a - Tukima's Dance        Hex            16%        N/A       77%         3
b - Vampiric Draining     Necr           16%        2d7       77%         3
c - Anguish               Hex/Necr       8%         N/A       99%         4

Your spell library contained the following spells:

 Spells                   Type           Power      Damage    Failure   Level
 Animate Skeleton         Necr           32%        N/A       38%         1
 Pain                     Necr           64%        1d7       38%         1
 Blink                    Tloc           6%         N/A       98%         2
 Stone Arrow              Conj/Erth      6%         3d7       100%        3
 Animate Armour           Summ/Erth      6%         N/A       100%        4
 Fulminant Prism          Conj/Hex       5%         3d7       100%        4
 Iskenderun's Mystic Bla  Conj/Tloc      3%         2d3       100%        4
 Lee's Rapid Deconstruct  Erth           1%         3d5*      100%        5
 Manifold Assault         Tloc           3%         N/A       100%        5
 Enfeeble                 Hex            8%         N/A       100%        7
 Storm Form               Tmut/Air       1%         N/A       100%        7
 Lehudib's Crystal Spear  Conj/Erth      1%         10d2      100%        8


Dungeon Overview and Level Annotations

Branches:
Dungeon (10/15)            Temple (1/1) D:5            Lair (0/6) D:9
    Orc: D:9-12

Altars:
Ashenzari
Cheibriados
Dithmenos
Elyvilon
Fedhas
Gozag
Hepliaklqana
Kikubaaqudgha
Makhleb
Nemelex Xobeh
Okawaru
Qazlal
Ru
Sif Muna
Trog
Uskayaw
Wu Jian
Xom
Yredelemnul
Zin
The Shining One

Shops:
D:3 *   D:6 (([

Annotations:
D:2 Terence
D:3 1 runed translucent door, exclusions: door and downstairs, Crazy Yiuf
D:4 Sigmund
D:5 exclusion: upstairs
D:7 exclusion: downstairs
D:10 Nergalle


Innate Abilities, Weirdness & Mutations

You have a pair of small antennae on your head.
Your natural rate of healing is unusually fast.


Message History

There is an open door here.
Things that are here:
14 gold pieces; a +0 short sword Unknown command.
The spectral orc warrior hits you but does no damage.
The spectral orc warrior is distracted by your dazzling golden aura.
The kobold brigand throws a curare-tipped dart.
The curare-tipped dart hits you.
You are poisoned.
You have difficulty breathing.
You feel yourself slow down.
You feel very sick.
You feel sick.
The kobold brigand throws a curare-tipped dart.
The curare-tipped dart hits you.
You are more poisoned.
You have difficulty breathing.
You feel as though you will be slow longer.
You feel very sick.
There is an open door here.
You feel very sick.
You feel very sick.
You feel sick.
The spectral orc knight disappears in a puff of smoke!
The kobold brigand throws a curare-tipped dart.
The curare-tipped dart hits you.
You are more poisoned.
You have difficulty breathing.
* * * LOW HITPOINT WARNING * * *
You feel as though you will be slow longer.
You feel very sick.
There is a stone staircase leading up here.
You feel very sick.
The kobold brigand throws a curare-tipped dart.
The curare-tipped dart closely misses you.
The kobold brigand throws a curare-tipped dart.
The curare-tipped dart hits you.
You are lethally poisoned!
You have difficulty breathing.
You die...
Your body crumbles into a pile of gold.

+....# #....#
#....#......#....#
#....#......#....#
#....#......#....#
#....#......#....# ..
##...#......#....#
....###...#§.....#.....
......@..KKK§....#...KK
.........o#.§....#...o#
.<........#......#....#
....#####+#......#Z...#
#### #........Ko.#.Z..#
+...........$o....
#...........#....#
#...........######
#...........#


You could see Nergalle, a kobold brigand and 2 kobolds.

Vanquished Creatures
  Pikel (D:8)
  Psyche (D:8)
  2 trolls
  A wraith (D:10)
  9 yaks (D:9)
  2 water moccasins
  An ice beast (D:5)
  5 orc warriors
  2 black bears
  A necrophage (D:7)
  3 centaurs
  2 kobold brigands
  A gnoll sergeant (D:9)
  A wyvern zombie (D:8)
  4 bullfrogs
  4 killer bees (D:9)
  A howler monkey (D:9)
  2 centaur zombies
  2 hounds
  A jelly (D:4)
  3 orc priests
  A centaur skeleton (D:7)
  3 orc wizards
  6 adders
  3 gnolls (D:9)
  A white imp (D:7)
  An adder skeleton (D:4)
  3 dart slugs
  23 orcs
  A ball python (D:3)
  8 endoplasms
  4 giant cockroaches
  7 goblins
  2 hobgoblins
  14 jackals
  3 quokkas
  4 bats (D:1)
  3 frilled lizards
  15 kobolds
  8 rats
159 creatures vanquished.

Vanquished Creatures (collateral kills)
  A bullfrog zombie (D:5)
  An orc wizard (D:7)
  An ufetubus (D:5)
  2 orcs (D:7)
  A frilled lizard (D:2)
  A rat (D:2)
7 creatures vanquished.

Vanquished Creatures (others)
  Prince Ribbit (D:7)
  An ogre (D:5)
  An iguana (D:5)
  An orc wizard (D:6)
4 creatures vanquished.

Grand Total: 170 creatures vanquished

Notes
Turn   | Place    | Note
-------+----------+-------------------------------------------
     0 | D:1      | H0rd4k the Human Artificer began the quest for the Orb.
     0 | D:1      | Reached XP level 1. HP: 15/15 MP: 1/1
   262 | D:1      | Reached XP level 2. HP: 11/21 MP: 2/2
   922 | D:1      | Reached XP level 3. HP: 15/26 MP: 3/3
  1607 | D:1      | Reached skill level 1 in Maces & Flails
  1809 | D:2      | Noticed Terence
  1934 | D:2      | Reached XP level 4. HP: 32/32 MP: 4/4
  3262 | D:3      | Found Owijokk's Assorted Antiques.
  3413 | D:3      | Found a runed translucent door.
  3414 | D:3      | Noticed Crazy Yiuf
  3566 | D:3      | Found a faded altar of an unknown god.
  4166 | D:4      | Reached skill level 2 in Maces & Flails
  4166 | D:4      | Reached XP level 5. HP: 13/38 MP: 5/5
  4793 | D:4      | Noticed Sigmund
  4800 | D:5      | Entered Level 5 of the Dungeon
  4815 | D:5      | Noticed an ogre
  4865 | D:5      | Reached skill level 1 in Throwing
  4987 | D:5      | Noticed an ice beast
  4997 | D:5      | Killed an ice beast
  4998 | D:5      | Reached skill level 3 in Maces & Flails
  4998 | D:5      | Reached XP level 6. HP: 14/44 MP: 6/6
  5694 | D:4      | Gained mutation: Your natural rate of healing is unusually
                  | fast. [potion of mutation]
  5694 | D:4      | Gained mutation: You have a pair of small antennae on your
                  | head. [potion of mutation]
  5937 | D:5      | Noticed an ogre
  6018 | D:5      | Found an iron altar of Okawaru.
  6099 | D:5      | Found a staircase to the Ecumenical Temple.
  6112 | Temple   | Entered the Ecumenical Temple
  6132 | Temple   | Became a worshipper of Gozag Ym Sagoz the Greedy
  6214 | D:6      | Found Pudwan's Antique Weapon Boutique.
  6214 | D:6      | Noticed a water moccasin
  6217 | D:6      | Killed a water moccasin
  6218 | D:6      | Reached XP level 7. HP: 50/50 MP: 6/8
  6497 | D:6      | Reached skill level 1 in Spellcasting
  6675 | D:6      | Found Uvuus's Antique Armour Shoppe.
  6759 | D:6      | Found Fahior's Weapon Shoppe.
  7055 | D:6      | Reached skill level 4 in Maces & Flails
  7398 | D:7      | Reached XP level 8. HP: 54/57 MP: 10/10
  7422 | D:7      | Learned a level 3 spell: Tukima's Dance
  7426 | D:7      | Learned a level 3 spell: Vampiric Draining
  7431 | D:7      | Learned a level 4 spell: Anguish
  7744 | D:7      | Reached skill level 1 in Hexes
  7744 | D:7      | Reached skill level 1 in Necromancy
  7885 | D:7      | Noticed Prince Ribbit
  7895 | D:7      | Your ally Prince Ribbit died
  8216 | D:7      | Reached skill level 5 in Maces & Flails
  8376 | D:6      | Bought a dazzling chain mail for 247 gold pieces
  8376 | D:6      | Identified the +8 chain mail of Gestures {Rampage Slay+2}
                  | (You bought it in a shop on level 6 of the Dungeon)
  8376 | D:6      | Bought a glowing cloak for 195 gold pieces
  8501 | D:8      | Noticed Pikel
  8541 | D:8      | Killed Pikel
  8542 | D:8      | Reached XP level 9. HP: 59/64 MP: 11/13
  8702 | D:8      | Reached skill level 6 in Maces & Flails
  8770 | D:8      | Reached skill level 5 in Dodging
  8770 | D:8      | Reached skill level 5 in Evocations
  8864 | D:8      | Found a hazy altar of Hepliaklqana.
  9123 | D:8      | Noticed Psyche
  9133 | D:8      | Killed Psyche
  9232 | D:8      | Found a glowing golden altar of the Shining One.
  9326 | D:9      | Noticed a troll
  9345 | D:9      | Killed a troll
  9346 | D:9      | Reached XP level 10. HP: 53/73 MP: 14/16
  9498 | D:9      | Reached skill level 7 in Maces & Flails
  9528 | D:9      | Found a staircase to the Lair.
  9548 | D:9      | Found a sparkling altar of Nemelex Xobeh.
  9661 | D:9      | Found a blossoming altar of Fedhas.
  9812 | D:9      | Reached skill level 5 in Fighting
  9854 | D:9      | Reached skill level 8 in Maces & Flails
 10343 | D:6      | Bought a pitted flail for 204 gold pieces
 10343 | D:6      | Identified the +1 flail of Spores {pain, Dex+3} (You bought
                  | it in a shop on level 6 of the Dungeon)
 10409 | D:10     | Entered Level 10 of the Dungeon
 10491 | D:10     | Noticed Nergalle
 10541 | D:10     | Reached skill level 9 in Maces & Flails
 10562 | D:10     | Asphyxiated

Illustrated notes

Levels and vault maps discovered:
D:1:      psy_arrival_spokes, layout_basic
D:2:      layout_basic, uniq_terence
D:3:      layout_basic, dreamdust_ecumenical_altar_grove, serial_shops,
          shop_statue, uniq_crazy_yiuf_cottage
D:4:      layout_basic, uniq_sigmund
D:5:      layout_cave_pools, okawaru_gym_becter,
          minmay_temple_entry_proselytizer, nicolae_elevator_lobby_plus
D:6:      layout_loops_corners, serial_shops, nicolae_shop_hallway_stairs, shop,
          nicolae_diamond_shop
D:7:      layout_basic, uniq_prince_ribbit1
D:8:      layout_rooms, nicolae_overflow_crystal_walls, tso_altar, uniq_pikel,
          uniq_psyche
D:9:      layout_basic, lemuel_doored_altar, nemelex_diamond_rough_becter,
          lair_entry_dummy
D:10:     layout_gridville, amcnicky_altar_gilded, nicolae_trove_entry_diagonal,
          uniq_sonja, uniq_nergalle, uniq_maurice, uniq_grum
Temple:   lightli_temple_of_artemis

Skill      XL: |  1  2  3  4  5  6  7  8  9 10 |
---------------+-------------------------------+-----
Maces & Flails | 1 2 3 4 5 6 9 |  9.0
Dodging        | 2 3 4 5 |  5.5
Throwing       | 1 |  1.6
Fighting       | 2 3 4 5 |  5.4
Evocations     | 4 5 |  5.4
Spellcasting   | 1 3 4 |  4.8
Hexes          | 2 3 4 |  4.2
Necromancy     | 2 3 4 |  4.1
Armour         | |  2.0
Stealth        | |  1.0

Action                   |  1- 3 |  4- 6 |  7- 9 | 10-12 || total
-------------------------+-------+-------+-------+-------++-------
Melee: Club              |   164 |   163 |       |       ||   327
       Punch             |     2 |     3 |     5 |     1 ||    11
       Flail             |       |       |   133 |       ||   133
       Whip              |       |       |   121 |   163 ||   284
Throw: Dart              |       |    10 |       |       ||    10
Evoke: Wand              |     3 |    17 |    16 |       ||    36
       Piece from Xom's  |       |       |     4 |       ||     4
  Use: Potion            |       |     1 |     2 |       ||     3
       Scroll            |       |       |     7 |       ||     7
 Stab: Sleeping          |     1 |     2 |       |       ||     3
       Distracted        |       |       |     1 |     3 ||     4
Armor: Leather armour    |    58 |    54 |    41 |       ||   153
       Chain mail        |       |       |    63 |    74 ||   137
Dodge: Dodged            |   129 |   129 |   183 |    63 ||   504
